 Dungeon Crawl Stone Soup version 0.30-a0-830-gfe289a77b0 (webtiles) character file.

Game seed: 7238506611976399953

66 retardedninja the Shield-Bearer (level 4, 0/41 HPs)
             Began as a Gnoll Fighter on Feb 28, 2023.
             Slain by a goblin
             ... wielding a +0 dagger
             ... led by Robin
              (2 damage)
             ... on level 3 of the Dungeon.
             The game lasted 00:01:57 (1868 turns).

retardedninja the Shield-Bearer (Gnoll Fighter)     Turns: 1868, Time: 00:01:57

Health: 0/41       AC:  7    Str: 17    XL:     4   Next: 15%
Magic:  5/5        EV:  8    Int:  7    God:
Gold:   82         SH:  9    Dex: 12    Spells: 5/5 levels left

rFire   . . .      SeeInvis .    a - +0 flail
rCold   . . .      Faith    .    g - +0 kite shield
rNeg    . . .      Spirit   .    b - +0 scale mail
rPois   .          Reflect  .    (no helmet)
rElec   .          Harm     .    (no cloak)
rCorr   .          Rampage  .    (no gloves)
Will    .....                    (no boots) Stlth
                                 (no amulet)
HPRegen 0.26/turn                (no ring)
MPRegen 0.09/turn                (no ring)

@: mighty, flying
A: fangs 1, strong nose, distributed training
a: no special abilities


You were on level 3 of the Dungeon.
You visited 1 branch of the dungeon, and saw 3 of its levels.

You collected 82 gold pieces.

Inventory:

Hand Weapons
 a - a +0 flail (weapon)
Missiles
 r - 5 boomerangs (quivered)
Armour
 b - a +0 scale mail (worn)
 c - a +0 buckler
 g - a +0 kite shield (worn)
Scrolls
 e - a scroll of magic mapping {unknown}
 f - 2 scrolls of enchant armour {unknown}
 j - a scroll of identify {unknown}
 k - a scroll of torment {unknown}
 n - a scroll of amnesia {unknown}
 o - a scroll of silence {unknown}
 p - a scroll of enchant weapon {unknown}
 s - a scroll of noise {unknown}
Potions
 h - a potion of haste {unknown}
 i - a potion of flight
 m - a potion of cancellation {unknown}
 q - a potion of berserk rage {unknown}
 t - a potion of heal wounds {unknown}


   Skills:
 + Level 6.6 Fighting
 + Level 1.1 Short Blades
 + Level 1.1 Long Blades
 + Level 1.1 Axes
 + Level 4.6 Maces & Flails
 + Level 1.1 Polearms
 + Level 1.1 Staves
 + Level 1.1 Ranged Weapons
 + Level 1.1 Throwing
 + Level 6.6 Armour
 + Level 1.1 Dodging
 + Level 1.1 Stealth
 + Level 6.6 Shields
 + Level 1.1 Unarmed Combat
 + Level 1.1 Spellcasting
 + Level 0.8 Conjurations
 + Level 0.8 Hexes
 + Level 0.8 Summonings
 + Level 0.8 Necromancy
 + Level 0.8 Translocations
 + Level 0.8 Transmutations
 + Level 0.8 Fire Magic
 + Level 0.8 Ice Magic
 + Level 0.8 Air Magic
 + Level 0.8 Earth Magic
 + Level 0.8 Poison Magic
 + Level 1.2 Invocations
 + Level 1.1 Evocations


You had 5 spell levels left.
You didn't know any spells.
Your spell library contained the following spells:

 Spells                   Type           Power      Damage    Failure   Level
 Ignite Poison            Fire/Tmut/Pois 1%         N/A       100%        3
 Inner Flame              Hex/Fire       1%         N/A       100%        3
 Kindle Blastsparks       Fire/Tloc/Air  2%         2d10      100%        3
 Cause Fear               Hex            0%         N/A       100%        4
 Freezing Cloud           Conj/Ice/Air   0%         6-21      100%        5
 Discord                  Hex            0%         N/A       100%        8


Dungeon Overview and Level Annotations

Branches:
Dungeon (3/15)

Altars:

Annotations:
D:3 Robin


Innate Abilities, Weirdness & Mutations

You have very sharp teeth.
Your uncanny sense of smell can sniff out nearby items.
Your experience applies equally to all skills.


Message History

You fly up into the air.
The goblin hits you but does no damage.
You block the goblin's attack. x2; The goblin hits you but does no damage. x4
The goblin barely misses you.
You barely miss the goblin. The goblin hits you with a +0 dagger.
You block the goblin's attack. The goblin completely misses you.
You block the goblin's attack. x2; The goblin hits you with a +0 dagger.
The goblin hits you with a +0 club. The goblin barely misses you.
The goblin closely misses you.
You sock the goblin!
You kill the goblin!
You block the goblin's attack.
The goblin hits you but does no damage. x3
You block Robin's attack. The goblin hits you with a +0 club.
The goblin hits you but does no damage.
You sock the goblin!
You kill the goblin!
The goblin hits you with a +0 club. You block the goblin's attack.
The goblin barely misses you. The goblin hits you but does no damage.
You block the goblin's attack. The goblin closely misses you.
The hobgoblin barely misses you. The goblin closely misses you.
You block Robin's attack. The goblin hits you with a +0 dagger.
The goblin barely misses you. The goblin completely misses you.
The goblin closely misses you. The goblin hits you with a +0 club.
* * * LOW HITPOINT WARNING * * *
You barely miss the hobgoblin. You block the goblin's attack.
The hobgoblin hits you.
* * * LOW HITPOINT WARNING * * *
The goblin hits you but does no damage. The goblin closely misses you.
The goblin hits you but does no damage. You block the goblin's attack.
The goblin hits you but does no damage. You block the goblin's attack.
You thump the hobgoblin!
You kill the hobgoblin!
The goblin hits you with a +0 dagger.
* * * LOW HITPOINT WARNING * * *
The goblin barely misses you. The goblin hits you but does no damage.
The goblin hits you with a +0 dagger.
* * * LOW HITPOINT WARNING * * *
The goblin hits you with a +0 club.
* * * LOW HITPOINT WARNING * * *
Robin barely misses you. The goblin hits you with a +0 dagger.
You die...

.. .. #. #.
#.## ..# #.####
#ggg.## #g@gg.#
....(.g.g......
####(..g.......
#...........
#...........
#...?.......
#.....>.....
#...........


You could see Robin and 8 goblins.

Vanquished Creatures
  A gnoll (D:1)
  2 adders (D:2)
  An orc (D:3)
  3 ball pythons (D:1)
  3 endoplasms
  3 giant cockroaches (D:1)
  7 goblins
  A hobgoblin (D:3)
  4 jackals (D:2)
  4 bats (D:1)
  3 frilled lizards
  A kobold (D:1)
  4 rats
37 creatures vanquished.

Vanquished Creatures (others)
  A demonic plant (D:3)
1 creature vanquished.

Grand Total: 38 creatures vanquished

Notes
Turn   | Place    | Note
-------+----------+-------------------------------------------
     0 | D:1      | retardedninja the Gnoll Fighter began the quest for the
                  | Orb.
     0 | D:1      | Reached XP level 1. HP: 23/23 MP: 1/1
   135 | D:1      | Reached XP level 2. HP: 25/29 MP: 2/2
   282 | D:1      | Reached XP level 3. HP: 30/35 MP: 3/3
   890 | D:1      | Reached skill level 1 in Invocations
  1149 | D:2      | Reached skill level 1 in Short Blades
  1149 | D:2      | Reached skill level 1 in Long Blades
  1149 | D:2      | Reached skill level 1 in Axes
  1149 | D:2      | Reached skill level 1 in Polearms
  1149 | D:2      | Reached skill level 1 in Staves
  1149 | D:2      | Reached skill level 1 in Ranged Weapons
  1149 | D:2      | Reached skill level 1 in Throwing
  1149 | D:2      | Reached skill level 1 in Dodging
  1149 | D:2      | Reached skill level 1 in Stealth
  1149 | D:2      | Reached skill level 1 in Unarmed Combat
  1149 | D:2      | Reached skill level 1 in Spellcasting
  1149 | D:2      | Reached skill level 1 in Evocations
  1755 | D:2      | Reached XP level 4. HP: 41/41 MP: 5/5
  1855 | D:3      | Identified the +2 helmet of Cheibriados's Anger {Int+4
                  | Dex-5}
  1855 | D:3      | Noticed Robin
  1868 | D:3      | HP: 2/41 [goblin/+0 club[Robin] (4)]
  1868 | D:3      | Slain by a goblin

Illustrated notes

Levels and vault maps discovered:
D:1:      psy_arrival_whirlpool, layout_loops_ring
D:2:      layout_basic
D:3:      minmay_skewed_foursquare, layout_rooms, shapermc_ecumenical_altar_gd,
          gup_sewer_entry_spiral, uniq_terence, uniq_natasha, uniq_robin

Skill      XL: |  1  2  3 |
---------------+----------+-----
Invocations    | 1 |  1.2
Short Blades   | 1 |  1.1
Long Blades    | 1 |  1.1
Axes           | 1 |  1.1
Polearms       | 1 |  1.1
Staves         | 1 |  1.1
Ranged Weapons | 1 |  1.1
Throwing       | 1 |  1.1
Dodging        | 1 |  1.1
Stealth        | 1 |  1.1
Unarmed Combat | 1 |  1.1
Spellcasting   | 1 |  1.1
Evocations     | 1 |  1.1
Fighting       | |  6.6
Maces & Flails | |  4.6
Armour         | |  6.6
Shields        | |  6.6
Conjurations   | |  0.8
Hexes          | |  0.8
Summonings     | |  0.8
Necromancy     | |  0.8
Translocations | |  0.8
Transmutations | |  0.8
Fire Magic     | |  0.8
Ice Magic      | |  0.8
Air Magic      | |  0.8
Earth Magic    | |  0.8
Poison Magic   | |  0.8

Action                     |  1- 3 |  4- 6 || total
---------------------------+-------+-------++-------
  Melee: Flail             |    90 |    10 ||   100
         Bite              |    10 |       ||    10
  Throw: Javelin           |     8 |     2 ||    10
         Boomerang         |       |     1 ||     1
    Use: Potion            |       |     2 ||     2
 Armour: Scale mail        |    50 |    23 ||    73
  Dodge: Dodged            |    40 |    21 ||    61
  Block: Buckler           |    10 |       ||    10
         Kite shield       |    43 |    25 ||    68

Table legend: (Time is in decaauts)
 A = Elapsed time spent in this place.
 B = Non-inter-level travel time spent in this place.
 C = Inter-level travel time spent in this place.
 D = Time resting spent in this place.
 E = Time spent auto-exploring this place.
 F = Levels seen in this place.
 G = Mean time per level.
                   A        B        C        D        E       F      G
               +--------+--------+--------+--------+--------+-----+--------+
         Total |   1903 |   1850 |     53 |    189 |   1377 |   3 |  634.3 |
       Dungeon |   1903 |   1850 |     53 |    189 |   1377 |   3 |  634.3 |
               +--------+--------+--------+--------+--------+-----+--------+

Top non-repeatable levels by time:
     D:1: 986 daAuts
     D:2: 896 daAuts
     D:3: 20 daAuts
